 Dungeon Crawl Stone Soup version 0.21.1-1-g345015f (webtiles) character file.

76 Monsterracer the Insei (level 4, 0/33 HPs)
             Began as a Draconian Venom Mage on Feb 5, 2018.
             Slain by Robin
             ... wielding a +1 mace of crushing
              (7 damage)
             ... on level 2 of the Dungeon.
             The game lasted 00:03:19 (2703 turns).

Monsterracer the Insei (Draconian Venom Mage)       Turns: 2703, Time: 00:03:20

Health: 0/33       AC:  6    Str: 11    XL:     4   Next: 12%
Magic:  5/7        EV: 12    Int: 16    God:
Gold:   84         SH:  0    Dex: 11    Spells: 6/7 levels left

rFire    . . .     SeeInvis .     - Unarmed
rCold    . . .     Gourm    .   (no shield)
rNeg     . . .     Faith    .   (armour unavailable)
rPois    .         Spirit   .   (helmet restricted)
rElec    .         Reflect  .   (no cloak)
rCorr    .         Harm     .   b - +0 pair of gloves
MR       .....                  (no boots)
Stlth    ++........             (no amulet)
HPRegen  0.11/turn              (no ring)
MPRegen  0.10/turn              (no ring)

@: no status effects
A: unfitting armour, cold-blooded, AC +5
a: no special abilities


You were on level 2 of the Dungeon.
You were not hungry.

You visited 1 branch of the dungeon, and saw 2 of its levels.

You collected 84 gold pieces.

Inventory:

Armour
 b - a +0 pair of gloves (worn)
Scrolls
 e - 2 scrolls of remove curse
 f - a scroll of magic mapping {unknown}
 i - a scroll of immolation {unknown}
 k - a scroll of teleportation {unknown}
Potions
 a - a potion of curing
 d - a potion of might
 g - a potion of agility
 h - 2 potions of mutation {!q}
 j - a potion of berserk rage {unknown}
Comestibles
 c - 3 rations


   Skills:
 - Level 1.7 Dodging
 - Level 1.7 Stealth
 + Level 3.8 Unarmed Combat
 - Level 2.0 Spellcasting
 - Level 1.0 Conjurations
 - Level 3.0 Poison Magic


You had 6 spell levels left.
You knew the following spells:

 Your Spells              Type           Power        Failure   Level  Hunger
a - Sting                 Conj/Pois      #...         9%          1    #......


Dungeon Overview and Level Annotations

Branches:
Dungeon (2/15)

Altars:

Annotations:
D:2 Robin


Innate Abilities, Weirdness & Mutations

Your plain brown scales are hard. (AC +5)
You cannot fit into any form of body armour.
You are cold-blooded and may be slowed by cold attacks.


Message History

The worm is heavily wounded.
You hit the worm. You tail-slap the worm.
The worm is almost dead.
The worm bites you.
You take 3 damage, and have 22/26 hp.
You hit the worm.
You kill the worm!
You have reached level 4!
You feel stronger.
You regained 6 hp, and now have 28/33 hp.
MP restored: 7 HP restored.
Things that are here:
a dagger; a goblin skeleton; Health restored: 33
Found a stone staircase leading down.
l - a scroll of identify 2 hobgoblins come into view.
The hobgoblin shouts! x2; The goblin shouts!
You hear a shout!
The hobgoblin moves out of view.
A hobgoblin comes into view.
As you read the scroll of identify, it crumbles to dust.
g - a potion of agility The hobgoblin moves out of view.
The goblin unwields an uncursed club.
The goblin wields a glowing hunting sling.
It bursts into flame!
The goblin shoots a stone.
The stone barely misses you. The hobgoblin barely misses you.
You closely miss the hobgoblin.
The hobgoblin hits you but does no damage.
The hobgoblin barely misses you.
You barely miss the hobgoblin. The hobgoblin hits you.
The hobgoblin misses you.
You take 3 damage, and have 30/33 hp.
You hit the hobgoblin.
You kill the hobgoblin!
The goblin shoots a stone.
The stone hits you. The stone burns you.
Robin roars a battlecry!
The goblins go into a battle-frenzy!
You take 5 damage, and have 25/33 hp.
You closely miss the hobgoblin. The hobgoblin misses you.
The hobgoblin hits you.
You take 5 damage, and have 20/33 hp.
You are too injured to fight recklessly!
You barely miss the hobgoblin. The hobgoblin barely misses you.
You hit the hobgoblin.
You kill the hobgoblin!
You completely miss the goblin. The goblin hits you with a dagger.
You take 1 damage, and have 20/33 hp.
You hit the goblin.
You kill the goblin!
You closely miss the hobgoblin. You hit the hobgoblin.
You kill the hobgoblin!
The goblin shoots a stone.
The stone hits you but does no damage.
The goblin unwields an uncursed hunting sling of flaming.
It stops flaming.
The goblin wields an uncursed club.
The goblin misses you.
Things that are here:
a dagger; a hobgoblin corpse; a goblin corpse You miss the goblin.
You closely miss the goblin.
Your tail-slap misses the goblin.
The goblin completely misses you.
You closely miss the goblin.
The goblin no longer looks unusually strong.
The goblin barely misses you.
Robin roars a battlecry!
The goblin goes into a battle-frenzy!
You closely miss the goblin. The goblin closely misses you.
Robin throws the goblin at you!
You closely miss the goblin.
The goblin hits you with an uncursed club.
You closely miss the goblin. Robin hits you with a mace of crushing.
The goblin hits you with an uncursed club!
* * * LOW HITPOINT WARNING * * *
You take 13 damage, and have 7/33 hp.
MASSIVE DAMAGE!!
Press: ? - help, v - describe, . - travel
Here: a goblin, wielding a club (unusually strong)
The floor.
You hit the goblin.
The goblin is moderately wounded.
Robin barely misses you. The goblin misses you.
You completely miss the goblin.
The goblin is moderately wounded.
Casting: Sting
Confirm with . or Enter, or press ? or * to list all spells.
Aiming: Sting
Press: ? - help, Shift-Dir - straight line, f - goblin
Aim: a goblin, wielding a club (moderately wounded, unusually strong)
The sting hits the goblin.
The goblin is heavily wounded.
The goblin hits you but does no damage. Robin barely misses you.
You now have 6/7 mp.
Casting: Sting
Confirm with . or Enter, or press ? or * to list all spells.
Aiming: Sting
Press: ? - help, Shift-Dir - straight line, f/p - goblin
Aim: a goblin, wielding a club (moderately wounded, unusually strong)
The sting hits the goblin.
The goblin is poisoned.
The goblin is heavily wounded.
The goblin barely misses you. Robin hits you with a mace of crushing!
You die...

######...# #....# ######
.........###....###....#
#####...............g..##
#..#...###....###.....# ##.....#
#....# ####..# #.....# #.g..#
##.# # ##.....##†...# #.## #
###...##.######## #..#
#######........g@g..###..#
.............######...#..#######
.....####.#..########.##........
....#####....................##.#
.............##########.......#.#
....#####.#...## #.........#
....# #...#..# #........# ....#
###....# ##.......# ##..# ##.##.#
#.......##


You could see Robin and a goblin.

Vanquished Creatures
  An adder (D:2)
  2 worms (D:2)
  3 dart slugs
  A leopard gecko (D:2)
  A ball python (D:2)
  3 bats
  A giant cockroach (D:2)
  8 hobgoblins
  6 jackals (D:1)
  A quokka (D:2)
  7 frilled lizards
  6 goblins
  3 kobolds
  10 rats
53 creatures vanquished.

Notes
Turn   | Place    | Note
-------+----------+-------------------------------------------
     0 | D:1      | Monsterracer the Draconian Venom Mage began the quest for the Orb.
     0 | D:1      | Reached XP level 1. HP: 14/14 MP: 3/3
    97 | D:1      | Reached skill level 1 in Unarmed Combat
   133 | D:1      | HP: 6/14 [jackal (2)]
   133 | D:1      | HP: 2/14 [jackal (2)]
   140 | D:1      | Reached XP level 2. HP: 2/20 MP: 0/5
   143 | D:1      | HP: 1/20 [jackal (1)]
  1146 | D:1      | HP: 9/20 [frilled lizard (2)]
  1147 | D:1      | Reached XP level 3. HP: 12/26 MP: 6/6
  1836 | D:2      | HP: 12/26 [leopard gecko (2)]
  1842 | D:2      | HP: 7/26 [poisoned by an adder]
  1850 | D:2      | HP: 6/26 [poisoned by an adder]
  2326 | D:2      | Noticed Robin
  2384 | D:2      | HP: 13/26 [goblin[Robin] (2)]
  2604 | D:2      | Reached XP level 4. HP: 28/33 MP: 7/7
  2699 | D:2      | HP: 7/33 [goblin/uncursed club[Robin] (10)]
  2703 | D:2      | Slain by Robin

Skill      XL: |  1  2  3 |
---------------+----------+-----
Unarmed Combat | 1 2 3 |  3.8
Dodging        | |  1.7
Stealth        | |  1.7
Spellcasting   | |  2.0
Conjurations   | |  1.0
Poison Magic   | |  3.0

Action                   |  1- 3 |  4- 6 || total
-------------------------+-------+-------++-------
Melee: Unarmed           |   165 |    18 ||   183
       Tailslap          |    16 |       ||    16
       Punch             |     2 |       ||     2
 Cast: Sting             |    31 |     2 ||    33
  Use: Scroll            |     4 |     1 ||     5
 Stab: Sleeping          |     4 |       ||     4
  Eat: Chunk             |     6 |       ||     6
Armor: Skin              |    44 |     4 ||    48
Dodge: Dodged            |   139 |    14 ||   153

Vault maps used:
D:1:      denvon_arrival_planthouse
D:2:      uniq_robin
